 Dungeon Crawl Stone Soup version 0.22-a0-166-g5351223 (webtiles) character file.

3469 Azzok the Fighter (level 10, -3/87 HPs)
             Began as a Human Fighter on Feb 13, 2018.
             Succumbed to an orc warrior's poison
             ... on level 8 of the Dungeon.
             The game lasted 00:14:43 (11035 turns).

Azzok the Fighter (Human Fighter)                  Turns: 11035, Time: 00:14:44

Health: -3/87      AC: 14    Str: 18    XL:     10   Next: 27%
Magic:  10/10      EV:  5    Int: 10    God:
Gold:   434        SH:  0    Dex: 13    Spells: 9/9 levels left

rFire    . . .     SeeInvis .   I - +3 quarterstaff (chaos)
rCold    . . .     Gourm    .   (shield currently unavailable)
rNeg     . . .     Faith    .   h - +0 plate armour
rPois    .         Spirit   .   E - +2 hat
rElec    .         Reflect  .   J - +0 cloak (curse)
rCorr    .         Harm     .   (no gloves)
MR       +....                  (no boots)
Stlth    ..........             (no amulet)
HPRegen  0.24/turn              y - ring of protection from magic
MPRegen  0.12/turn              G - ring of wizardry

@: lethally poisoned (-3 -> -69), hasted, drained, very quick
A: no striking features
a: no special abilities


You were on level 8 of the Dungeon.
You were not hungry.

You visited 1 branch of the dungeon, and saw 8 of its levels.

You collected 434 gold pieces.

Inventory:

Hand Weapons
 a - a +0 long sword
 s - a +0 short sword of freezing
 u - a +0 trident of venom
 A - a +0 shortbow of velocity
 I - a +3 quarterstaff of chaos (weapon)
Missiles
 l - 114 arrows
Armour
 c - a +0 shield
 h - a +0 plate armour (worn)
 E - a +2 hat (worn)
 J - a cursed +0 cloak (worn)
Jewellery
 y - a ring of protection from magic (left hand)
 F - an uncursed ring of resist corrosion
 G - a ring of wizardry (right hand)
Wands
 b - a wand of acid (7)
 x - a wand of iceblast (9)
Scrolls
 e - a scroll of fog {unknown}
 i - 11 scrolls of identify {unknown}
 j - 3 scrolls of teleportation {unknown}
 n - 4 scrolls of remove curse {unknown}
 o - 3 scrolls of enchant weapon {unknown}
 p - 4 scrolls of blinking {unknown}
 r - a scroll of enchant armour {unknown}
 t - 4 scrolls of random uselessness {unknown}
 B - a scroll of amnesia {unknown}
 D - a scroll of noise {unknown}
 H - a scroll of silence {unknown}
Potions
 q - a potion of lignification
 z - a potion of cancellation {unknown}
 C - a potion of flight
Books
 w - a book of Maledictions

   Spells                             Type                      Level
   a - Corona                         Hexes                        1
   b - Ensorcelled Hibernation        Hexes/Ice                    2
   c - Confuse                        Hexes                        3
   d - Tukima's Dance                 Hexes                        3
   e - Dazzling Spray                 Conjuration/Hexes            3
Comestibles
 f - 17 rations


   Skills:
 - Level 11.1(10.9) Fighting
 - Level 2.0(1.8) Long Blades
 + Level 8.9(8.6) Bows
 - Level 3.0(2.8) Armour
 - Level 3.0(2.8) Shields


You had 9 spell levels left.
You didn't know any spells.

Dungeon Overview and Level Annotations

Branches:
Dungeon (8/15)             Temple (0/1) D:4
   Lair: D:8-11

Altars:
Ashenzari
Elyvilon
Kikubaaqudgha
Nemelex Xobeh
Wu Jian
Yredelemnul
Zin

Shops:
D:5 %

Annotations:
D:8 Azzok's ghost, novice GrFi


Message History

You hit the orc warrior.
The orc warrior seems to slow down.
The orc warrior is severely wounded.
You feel very sick.
The orc warrior hits you with a glaive of venom!!
* * * LOW HITPOINT WARNING * * *
You are more poisoned.
You hit the orc warrior. You freeze the orc warrior.
The orc warrior is almost dead.
* * * LOW HITPOINT WARNING * * *
You feel very sick.
You kill the orc warrior!
You hit the orc.
You feel better.
The orc is moderately wounded.
* * * LOW HITPOINT WARNING * * *
You feel very sick. The orc hits you with a hand axe.
* * * LOW HITPOINT WARNING * * *
You closely miss the orc.
The orc is moderately wounded.
You die...

·▒ ▒··▒ ▒··▒▒▒ ▒··▒
▒·····▒▒·· ▒▒▒ ▒······▒··
▒·▒▒ ▒·······▒·▒ ▒··▒ ▒·
▒········▒·▒ ▒··▒ ▒▒···
▒··········▒▒ ▒··▒ ▒·····
············▒▒▒··▒ ▒·····o
··········▒··@oo·▒▒▒▒▒·······
····(·····▒▒▒▒▒···(▒)······oo
··········▒▒ ▒··▒[))▒▒······
▒···········▒ ▒··▒▒▒·▒▒ ▒▒▒▒▒
▒············▒ ▒··▒ ▒▒o▒▒
·········>···▒ ▒·▒▒ ▒oo▒▒
▒[·········▒▒ ▒▒▒ ▒▒··▒
▒·······)··▒ ▒▒▒▒o▒▒▒
▒·········▒ ▒▒▒······▒▒▒


You could see 2 orcs.

Vanquished Creatures
  A spriggan (D:7)
  3 orc warriors
  A phantom (D:4)
  An ice beast (D:5)
  A hornet zombie (D:8)
  3 sky beasts (D:7)
  2 ogres
  A necrophage (D:7)
  A centaur (D:5)
  2 bullfrogs
  3 scorpions
  4 killer bees
  10 wights (D:7)
  A howler monkey (D:7)
  2 crimson imps
  A quasit (D:6)
  Crazy Yiuf (D:7)
  2 jellies
  4 orc priests
  3 hounds
  A gnoll shaman (D:4)
  10 orc wizards
  A bullfrog skeleton (D:5)
  4 iguanas
  4 worker ants
  A hound zombie (D:7)
  9 gnolls
  7 adders
  An ooze (D:4)
  An adder zombie (D:6)
  An adder skeleton (D:5)
  3 worms
  3 dart slugs
  6 leopard geckos
  28 orcs
  A ball python (D:3)
  5 bats
  4 giant cockroaches
  3 goblins
  9 hobgoblins
  14 jackals
  8 kobolds
  5 quokkas
  4 frilled lizards
  A quokka skeleton (D:4)
  18 rats
199 creatures vanquished.

Notes
Turn   | Place    | Note
-------+----------+-------------------------------------------
     0 | D:1      | Azzok the Human Fighter began the quest for the Orb.
     0 | D:1      | Reached XP level 1. HP: 18/18 MP: 1/1
    16 | D:1      | Reached XP level 2. HP: 21/24 MP: 2/2
   287 | D:1      | Reached skill level 4 in Fighting
   287 | D:1      | Reached XP level 3. HP: 26/30 MP: 3/3
  1058 | D:2      | Found an ancient bone altar of Kikubaaqudgha.
  1080 | D:2      | Reached XP level 4. HP: 17/38 MP: 4/4
  1300 | D:2      | Found a glowing silver altar of Zin.
  1703 | D:2      | Reached skill level 5 in Fighting
  2327 | D:3      | Reached XP level 5. HP: 28/44 MP: 5/5
  2815 | D:3      | Reached skill level 6 in Fighting
  3014 | D:3      | Found a basalt altar of Yredelemnul.
  3035 | D:3      | Found an ornate altar of the Wu Jian Council.
  3035 | D:3      | Found a sparkling altar of Nemelex Xobeh.
  3035 | D:3      | Found a shattered altar of Ashenzari.
  3066 | D:3      | Reached XP level 6. HP: 43/52 MP: 6/6
  3746 | D:4      | Reached skill level 7 in Fighting
  4300 | D:4      | Found a staircase to the Ecumenical Temple.
  4348 | D:4      | Found a white marble altar of Elyvilon.
  4431 | D:4      | Noticed a phantom
  4469 | D:4      | Killed a phantom
  4469 | D:4      | Reached XP level 7. HP: 36/61 MP: 7/7
  4871 | D:5      | Entered Level 5 of the Dungeon
  4996 | D:5      | Reached skill level 8 in Fighting
  5326 | D:5      | Found Usoichye's Food Shop.
  5655 | D:5      | Reached XP level 8. HP: 69/69 MP: 8/8
  5988 | D:5      | Reached skill level 9 in Fighting
  5988 | D:5      | Reached skill level 1 in Bows
  7572 | D:6      | Reached XP level 9. HP: 72/78 MP: 9/9
  7855 | D:7      | Reached skill level 10 in Fighting
  7981 | D:7      | Reached skill level 5 in Bows
  8814 | D:7      | Found a runed door.
  8818 | D:7      | Noticed Crazy Yiuf
  8822 | D:7      | Killed Crazy Yiuf
  9337 | D:7      | Reached skill level 11 in Fighting
  9381 | D:6      | HP: 4/81 [poisoned by a killer bee]
  9387 | D:6      | HP: 2/81 [poisoned by a killer bee]
  9392 | D:6      | HP: 2/81 [poisoned by a killer bee]
  9400 | D:6      | HP: 1/81 [poisoned by a killer bee]
  9896 | D:7      | Reached XP level 10. HP: 79/87 MP: 10/10
 10339 | D:8      | Noticed Azzok's ghost (novice GrFi)
 11034 | D:8      | HP: 2/87 [poisoned by an orc warrior]
 11035 | D:8      | Succumbed to an orc warrior's poison

Vault maps used:
D:1:      erik_arrival_orb_chamber
D:2:      nicolae_overflow_hidden_temple, kiku_gazebo_pond_becter
D:3:      grunt_temple_overflow_open, first_ration
D:4:      elyvilon_altar_3, minmay_temple_entry_enclosed_plants
D:5:      serial_shops, nicolae_shop_trees
D:7:      the_bakery, serial_bayou_pond_e, uniq_crazy_yiuf_cottage
D:8:      special_room

Skill      XL: |  1  2  3  4  5  6  7  8  9 10 |
---------------+-------------------------------+-----
Fighting       | 4 5 6 7 8 9 11 | 11.1
Bows           | 4 7 8 |  8.9
Long Blades    | |  2.0
Armour         | |  3.0
Shields        | |  3.0

Action                   |  1- 3 |  4- 6 |  7- 9 | 10-12 || total
-------------------------+-------+-------+-------+-------++-------
Melee: Long sword        |   110 |   111 |       |       ||   221
       Trident           |       |   122 |   381 |       ||   503
       Quarterstaff      |       |       |    56 |    99 ||   155
  Use: Potion            |       |     1 |     3 |     7 ||    11
 Stab: Petrified         |       |       |       |     2 ||     2
       Paralysed         |       |       |       |     2 ||     2
  Eat: Chunk             |     1 |     9 |    15 |     2 ||    27
       Ration            |       |     1 |       |     1 ||     2
Armor: Scale mail        |    31 |       |       |       ||    31
       Plate armour      |    59 |   157 |   308 |    81 ||   605
Dodge: Dodged            |    29 |    26 |    62 |    25 ||   142
Block: Shield            |    19 |    58 |   169 |       ||   246
       Rpst.: Long sword |     7 |     4 |       |       ||    11

Table legend:
 A = Spawn XP
 B = Non-spawn XP
 C = Spawn XP percentage of total XP
 D = Spawn monster count
 E = Non-spawn monster count
 F = Spawn count percentage of total count
 G = Total turns spent on level
                    A         B        C        D         E        F      G
               +---------+---------+-------+---------+---------+-------+---------
         Total |       0 |    4956 |   0.0 |       0 |     199 |   0.0 | 11035
               +---------+---------+-------+---------+---------+-------+---------
           D:1 |       0 |      44 |   0.0 |       0 |      30 |   0.0 |   994
           D:2 |       0 |      75 |   0.0 |       0 |      23 |   0.0 |  1313
           D:3 |       0 |     154 |   0.0 |       0 |      20 |   0.0 |  1186
           D:4 |       0 |     386 |   0.0 |       0 |      23 |   0.0 |  1378
           D:5 |       0 |     659 |   0.0 |       0 |      13 |   0.0 |  1680
           D:6 |       0 |     804 |   0.0 |       0 |      36 |   0.0 |  1915
           D:7 |       0 |    2106 |   0.0 |       0 |      37 |   0.0 |  2134
           D:8 |       0 |     728 |   0.0 |       0 |      17 |   0.0 |   435
               +---------+---------+-------+---------+---------+-------+---------
